 Dungeon Crawl Stone Soup version 0.19.3-1-g3169bf9 (webtiles) character file.

3679 bosm the Thaumaturge (level 9, 0/47 HPs)
             Began as a Deep Elf Ice Elementalist on Jan 26, 2017.
             Was a Follower of Makhleb.
             Slain by an unseen horror (4 damage)
             ... on level 10 of the Dungeon.
             The game lasted 00:32:29 (10809 turns).

bosm the Thaumaturge (Deep Elf Ice Elementalist)   Turns: 10809, Time: 00:32:30

Health: 0/47       AC:  7    Str:  8    XL:     9   Next: 90%
Magic:  8/25       EV: 13    Int: 21    God:    Makhleb [*.....]
Gold:   663        SH:  0    Dex: 15    Spells: 6 memorised, 11 levels left

rFire  . . .     SeeInvis .     n - +2 short sword (holy)
rCold  . . .     Gourm    .     w - +1 robe {MR+}
rNeg   . . .     Faith    .     (no shield)
rPois  .         Spirit   .     (no helmet)
rElec  .         Reflect  .     A - +2 cloak {MR+}
rCorr  +         Harm     +     (no gloves)
MR     ++...                    p - +0 pair of boots (curse)
Stlth  ++........               h - amulet of harm
                                (no ring)
                                s - ring of resist corrosion

@: no status effects
A: no striking features
a: Renounce Religion


You were on level 10 of the Dungeon.
You worshipped Makhleb.
Makhleb was aware of your devotion.
You were not hungry.

You visited 2 branches of the dungeon, and saw 11 of its levels.

You collected 663 gold pieces.

Inventory:

Hand Weapons
 n - a +2 short sword of holy wrath (weapon)
Armour
 p - a cursed +0 pair of boots (worn)
 u - a +1 leather armour of poison resistance
 w - a +1 robe of magic resistance (worn)
 A - a +2 cloak of magic resistance (worn)
 B - the +1 leather armour of the Mantidfly {+Blink rF- Str+4}
   (You found it on level 8 of the Dungeon)

   It affects your strength (+4).
   It makes you vulnerable to fire.
   It lets you blink.
Magical Staves
 f - an uncursed staff of poison
Jewellery
 h - an amulet of harm (around neck)
 j - an uncursed ring of fire
 s - a ring of resist corrosion (left hand)
 D - a +2 ring of protection {unknown}
Wands
 e - a wand of flame (21/48)
 g - a wand of iceblast (8/15)
Scrolls
 i - 7 scrolls of identify
 k - 3 scrolls of remove curse
 l - a scroll of enchant armour
 o - 3 scrolls of teleportation
 v - a scroll of amnesia
Potions
 a - a potion of cure mutation
 b - a potion of haste
 m - a potion of flight
 x - 2 potions of curing
 z - a potion of agility
Books
 q - a book of Conjurations

   Spells                             Type                      Level
   a - Magic Dart                     Conjuration                  1
   b - Searing Ray                    Conjuration                  2
   c - Dazzling Spray                 Conjuration/Hexes            3
   d - Fulminant Prism                Conjuration/Hexes            4
   e - Iskenderun's Mystic Blast      Conjuration                  4
   f - Iskenderun's Battlesphere      Conjuration/Charms           5
 y - a book of Frost

   Spells                             Type                      Level
   a - Freeze                         Ice                          1
   b - Throw Frost                    Conjuration/Ice              2
   c - Ozocubu's Armour               Charms/Ice                   3
   d - Throw Icicle                   Conjuration/Ice              4
   e - Summon Ice Beast               Ice/Summoning                4
 C - a book of Transfigurations

   Spells                             Type                      Level
   a - Irradiate                      Conjuration/Transmutation    5
   b - Statue Form                    Transmutation/Earth          6
   c - Hydra Form                     Transmutation                6
   d - Dragon Form                    Transmutation                7
Comestibles
 c - 8 bread rations
 d - a slice of pizza
 r - a royal jelly
 t - a meat ration
 E - 3 chunks of flesh
 F - a beef jerky


   Skills:
 - Level 1.4 Fighting
 - Level 2.7 Armour
 - Level 2.4 Dodging
 - Level 2.4 Stealth
 * Level 10.7 Spellcasting
 + Level 7.2 Conjurations
 + Level 5.1 Charms
 + Level 8.3 Ice Magic
 + Level 4.1 Evocations


You had 11 spell levels left.
You knew the following spells:

 Your Spells              Type           Power        Failure   Level  Hunger
a - Magic Dart            Conj           ####         1%          1    None
b - Freeze                Ice            ####         1%          1    None
c - Ozocubu's Armour      Chrm/Ice       #####...     1%          3    None
e - Summon Ice Beast      Ice/Summ       ####....     14%         4    ##.....
s - Throw Icicle          Conj/Ice       #####...     2%          4    ##.....
w - Iskenderun's Battles  Conj/Chrm      #####...     17%         5    ####...


Dungeon Overview and Level Annotations

Branches:
Dungeon (10/15)            Temple (1/1) D:7
   Lair: D:8-11         Orc: D:9-12

Altars:
Ashenzari
Cheibriados
Dithmenos
Elyvilon
Fedhas
Gozag
Hepliaklqana
Kikubaaqudgha
Makhleb
Nemelex Xobeh
Okawaru
Qazlal
Ru
Sif Muna
Trog
Uskayaw
Vehumet
Xom
Yredelemnul
Zin
The Shining One

Shops:
D:4 }   D:8 :


Message History

Things that are here:
a dagger of pain; a scale mail You now have 663 gold pieces (gained 10).
You start resting.
Some of the chunks of flesh in your inventory have rotted away.
There is a strange disturbance nearby!
Something hits you.
Deactivating autopickup; reactivate with Ctrl-A.
Something hits you!
Things that are here:
a dagger of pain; a scale mail Something barely misses you.
Something hits you. Something hits you. Something hits you! Something hits you.
Something hits you!
* * * LOW HITPOINT WARNING * * *
Your magical contamination has completely faded away.
Something hits you.
You die...

#...# #...##
#.#..##.#
#...<...#
#.#.#####.#
#.........#
#...#######
#....# #.#@.#
#....# #....#
#....#
########....#
............#
.######.)#..#
##.#..####
#........


There were no monsters in sight!

Vanquished Creatures
  A deep elf mage (D:10)
  Psyche (D:9)
  An orc warrior (D:6)
  A phantom (D:9)
  3 centaurs
  An ogre (D:4)
  Blork the orc (D:6)
  2 bullfrogs
  A water moccasin zombie (D:9)
  A scorpion (D:9)
  A killer bee (D:9)
  A howler monkey (D:8)
  4 wights (D:9)
  A crimson imp (D:10)
  3 hounds
  2 jellies (D:9)
  5 orc wizards
  2 bullfrog skeletons
  5 iguanas
  3 worker ants
  2 worker ant zombies (D:7)
  4 gnolls
  4 adders
  A shadow imp (D:9)
  2 adder zombies
  An adder skeleton (D:9)
  8 worms
  3 dart slugs
  3 leopard geckos
  11 orcs
  5 ball pythons
  11 bats
  4 giant cockroaches
  8 goblins
  9 hobgoblins
  6 jackals
  A quokka (D:7)
  10 frilled lizards
  5 kobolds
  A quokka skeleton (D:5)
  7 rats
  A fungus (D:5)
147 creatures vanquished.

Vanquished Creatures (collateral kills)
  Maurice (D:8)
  A hornet (D:8)
  Prince Ribbit (D:5)
  2 sky beasts
  A black bear (D:9)
  A phantom (D:4)
  3 centaurs
  2 killer bees (D:9)
  A wight (D:9)
  A howler monkey (D:7)
  2 hounds
  A centaur skeleton (D:4)
  5 orc wizards
  4 orc priests
  A hound zombie (D:5)
  3 gnolls
  A shadow imp (D:6)
  A worm (D:3)
  10 orcs
  A giant cockroach (D:4)
  2 jackals (D:5)
45 creatures vanquished.

Grand Total: 192 creatures vanquished

Notes
Turn   | Place    | Note
-------+----------+-------------------------------------------
     0 | D:1      | bosm the Deep Elf Ice Elementalist began the quest for the Orb.
     0 | D:1      | Reached XP level 1. HP: 10/10 MP: 6/6
   222 | D:1      | Reached XP level 2. HP: 15/15 MP: 1/8
   967 | D:1      | Reached XP level 3. HP: 15/19 MP: 6/10
  1256 | D:1      | Reached skill level 4 in Spellcasting
  2182 | D:2      | Found a glowing silver altar of Zin.
  2182 | D:2      | Found a shadowy altar of Dithmenos.
  2458 | D:2      | Reached XP level 4. HP: 24/24 MP: 12/12
  2464 | D:2      | Learned a level 4 spell: Throw Icicle
  2503 | D:2      | Found a basalt altar of Yredelemnul.
  2777 | D:2      | Found a white marble altar of Elyvilon.
  2859 | D:3      | Learned a level 3 spell: Ozocubu's Armour
  2971 | D:3      | Reached skill level 5 in Spellcasting
  3001 | D:3      | Reached XP level 5. HP: 7/28 MP: 6/14
  3236 | D:3      | Reached skill level 5 in Ice Magic
  3332 | D:3      | Learned a level 4 spell: Summon Ice Beast
  3447 | D:3      | Found an iron altar of Okawaru.
  3447 | D:3      | Found a glowing golden altar of the Shining One.
  3529 | D:3      | Found a deep blue altar of Sif Muna.
  4390 | D:4      | Found Kuulips's Gadget Shop.
  4415 | D:4      | Noticed a phantom
  4416 | D:4      | Found a hide-covered altar of Uskayaw.
  4492 | D:4      | Killed a phantom
  4492 | D:4      | Reached XP level 6. HP: 21/32 MP: 8/16
  4721 | D:4      | Reached skill level 6 in Spellcasting
  5290 | D:5      | Entered Level 5 of the Dungeon
  5468 | D:5      | Noticed Prince Ribbit
  5488 | D:5      | Reached XP level 7. HP: 37/37 MP: 9/18
  5510 | D:5      | Killed Prince Ribbit
  5510 | D:5      | Reached skill level 1 in Fighting
  5510 | D:5      | Reached skill level 1 in Armour
  5708 | D:5      | Reached skill level 7 in Spellcasting
  6333 | D:6      | Noticed an ice devil
  6512 | D:6      | Noticed Blork the orc
  6537 | D:6      | Killed Blork the orc
  6863 | D:6      | Found a sparkling altar of Nemelex Xobeh.
  7040 | D:6      | Reached XP level 8. HP: 39/43 MP: 4/21
  7082 | D:6      | Reached skill level 5 in Conjurations
  7515 | D:6      | Learned a level 1 spell: Magic Dart
  7521 | D:6      | Learned a level 5 spell: Iskenderun's Battlesphere
  7650 | D:6      | Found a snail-covered altar of Cheibriados.
  7726 | D:7      | Found a snail-covered altar of Cheibriados.
  7841 | D:7      | HP: 1/43 [centaur/arrow (12)]
  8152 | D:7      | Found a staircase to the Ecumenical Temple.
  8162 | Temple   | Entered the Ecumenical Temple
  8411 | Temple   | Became a worshipper of Makhleb the Destroyer
  8546 | D:7      | Found a sacrificial altar of Ru.
  8655 | D:7      | Reached skill level 8 in Spellcasting
  8855 | D:8      | Noticed Maurice
  8868 | D:8      | Killed Maurice
  8868 | D:8      | Reached skill level 1 in Charms
  8868 | D:8      | Reached skill level 1 in Evocations
  8996 | D:8      | Found Pirhupuff's Book Shop.
  9026 | D:8      | Noticed a hornet
  9133 | D:8      | Killed a hornet
  9309 | D:8      | Got a fine leather armour
  9310 | D:8      | Identified the +1 leather armour of the Mantidfly {+Blink rF- Str+4} (You found it on level 8 of the Dungeon)
  9386 | D:8      | Reached skill level 9 in Spellcasting
  9386 | D:8      | Reached XP level 9. HP: 47/47 MP: 18/24
  9610 | D:9      | Reached * piety under Makhleb
  9712 | D:9      | Found a blossoming altar of Fedhas.
 10089 | D:9      | Reached skill level 10 in Spellcasting
 10127 | D:9      | Noticed Psyche
 10146 | D:9      | Killed Psyche
 10351 | D:9      | Noticed a cyclops
 10744 | D:10     | Entered Level 10 of the Dungeon
 10757 | D:10     | Noticed a deep elf mage
 10768 | D:10     | Killed a deep elf mage
 10768 | D:10     | Reached skill level 5 in Charms
 10809 | D:10     | Slain by an unseen horror

Skill      XL: |  1  2  3  4  5  6  7  8  9 |
---------------+----------------------------+-----
Ice Magic      | 4 5 6 7 8 |  8.3
Spellcasting   | 4 5 6 7 9 10 | 10.7
Conjurations   | 3 4 6 7 |  7.2
Fighting       | 1 |  1.4
Armour         | 1 2 |  2.7
Charms         | 2 5 |  5.1
Evocations     | 1 4 |  4.1
Dodging        | |  2.4
Stealth        | |  2.4

Action                   |  1- 3 |  4- 6 |  7- 9 || total
-------------------------+-------+-------+-------++-------
Melee: Short sword       |    29 |    35 |    17 ||    81
 Cast: Freeze            |    50 |    60 |    24 ||   134
       Ozocubu's Armour  |       |     4 |     6 ||    10
       Throw Icicle      |       |    17 |    38 ||    55
       Summon Ice Beast  |       |    14 |    39 ||    53
       Magic Dart        |       |       |    71 ||    71
       Iskenderun's Batt |       |       |     4 ||     4
  Use: Scroll            |     1 |     8 |     4 ||    13
       Potion            |       |     4 |     4 ||     8
 Stab: Sleeping          |     4 |     3 |       ||     7
       Distracted        |     1 |       |       ||     1
  Eat: Chunk             |     3 |    14 |    23 ||    40
       Beef jerky        |     1 |       |     1 ||     2
Armor: Robe              |    23 |    12 |    27 ||    62
Dodge: Dodged            |    54 |    53 |    68 ||   175
